 Dungeon Crawl Stone Soup version 0.28.0-45-g0d030f2227 (webtiles) character file.

Game seed: 9701768852541376540

18214 Ablot the Slicer (level 12, -2/112 (116) HPs)
             Began as a Gnoll Chaos Knight on Apr 10, 2022.
             Was a Plaything of Xom.
             Killed by vampiric draining
             ... invoked by Josephine
              (8 damage)
             ... on level 13 of the Dungeon.
             The game lasted 00:45:53 (12560 turns).

Ablot the Slicer (Gnoll Chaos Knight)              Turns: 12560, Time: 00:45:54

HP:   -2/112 (116)  AC: 12    Str: 11    XL:     12   Next: 56%
MP:   21/21         EV: 18    Int: 13    God:    Xom [..*...]
Gold: 715           SH:  7    Dex: 10    Spells: 7/26 levels left

rFire   . . .      SeeInvis +   u - +3 long sword (chaos)
rCold   + . .      Faith    .   N - +2 buckler
rNeg    . . .      Spirit   .   D - +0 steam dragon scales
rPois   .          Reflect  .   F - +0 helmet
rElec   .          Harm     .   G - +0 cloak
rCorr   .          Rampage  .   K - +0 pair of gloves
Will    .....      Rage     1%  g - +0 pair of boots
Stlth   +++.......              n - amulet of regeneration
HPRegen 1.08/turn               m - ring "Azanuwk" {Wiz rC+ SInv}
MPRegen 0.17/turn               j - +4 ring of evasion

@: lethally poisoned (-2 -> -3), lightly drained, unable to read
A: fangs 1, strong nose, distributed training, berserk 1, clumsy 1, dopey 1, low
MP 1, robust 2, screaming 1, weak 1, subdued magic 1, inability to read while
threatened
a: Renounce Religion


You were on level 13 of the Dungeon.
You worshipped Xom.
You were a toy of Xom.
You visited 1 branch of the dungeon, and saw 13 of its levels.
You also visited: Ossuary.

You collected 715 gold pieces.

Inventory:

Hand Weapons
 a - a +2 short sword of chaos
 u - a +3 long sword of chaos (weapon)
Missiles
 d - 439 stones
 e - 20 poisoned darts (quivered)
 i - 7 javelins
 p - 12 boomerangs
 s - 44 sling bullets
 t - 236 arrows
 w - 78 bolts
 H - 3 curare-tipped darts
 I - 12 atropa-tipped darts
Armour
 b - a +2 scale mail of poison resistance
 g - a +0 pair of boots (worn)
 o - a +0 robe of resistance
 D - +0 steam dragon scales (worn)
 F - a +0 helmet (worn)
 G - a +0 cloak (worn)
 K - a +0 pair of gloves (worn)
 N - a +2 buckler (worn)
Jewellery
 f - a ring of protection from fire
 j - a +4 ring of evasion (right hand)
 m - the ring "Azanuwk" (left hand) {Wiz rC+ SInv}
   (Xom gifted it to you on level 2 of the Dungeon)

   [ring of wizardry]

   It improves your spell success rate.
   rC:        It protects you from cold.
   SInv:      It lets you see invisible.
 n - an amulet of regeneration (around neck)
 M - the ring of Gypuas {rN+ rCorr}
   (You found it on level 6 of the Dungeon)

   [ring of positive energy]

   rN:        It protects you from negative energy.
   rCorr:     It protects you from acid and corrosion.
 V - a ring of protection from cold
Wands
 O - a wand of flame (25)
 Q - a wand of charming (6)
 S - a wand of iceblast (5)
Scrolls
 c - 5 scrolls of teleportation
 k - 5 scrolls of vulnerability
 q - a scroll of fear
 x - 3 scrolls of amnesia
 y - 3 scrolls of blinking
 T - a scroll of brand weapon
 U - 2 scrolls of magic mapping
Potions
 h - 5 potions of haste
 l - 3 potions of magic
 r - 2 potions of berserk rage
 v - 4 potions of might
 z - a potion of brilliance
 A - 3 potions of cancellation
 B - 3 potions of curing
 C - a potion of attraction
 E - a potion of invisibility
 J - 2 potions of flight
 P - a potion of ambrosia {unknown}
 R - 2 potions of lignification
Miscellaneous
 L - a box of beasts (inert)


   Skills:
 + Level 10.2 Fighting
 + Level 10.2 Short Blades
 + Level 7.7 Long Blades
 + Level 7.7 Axes
 + Level 7.7 Maces & Flails
 + Level 7.7 Polearms
 + Level 7.7 Staves
 + Level 7.7 Slings
 + Level 7.7 Bows
 + Level 7.7 Crossbows
 + Level 7.7 Throwing
 + Level 9.1 Armour
 + Level 8.2 Dodging
 + Level 7.7 Stealth
 + Level 7.7 Shields
 + Level 7.7 Unarmed Combat
 + Level 7.7 Spellcasting
 + Level 6.4 Conjurations
 + Level 6.4 Hexes
 + Level 6.4 Summonings
 + Level 6.4 Necromancy
 + Level 6.4 Translocations
 + Level 6.4 Transmutations
 + Level 6.4 Fire Magic
 + Level 6.4 Ice Magic
 + Level 6.4 Air Magic
 + Level 6.4 Earth Magic
 + Level 6.4 Poison Magic
 + Level 8.4 Invocations
 + Level 7.7 Evocations


You had 7 spell levels left.
You knew the following spells:

 Your Spells              Type           Power      Damage    Failure   Level
a - Blink                 Tloc           32%        N/A       1%          2
b - Passwall              Tmut/Erth      13%        N/A       1%          2
c - Mephitic Cloud        Conj/Pois/Air  16%        N/A       1%          3
d - Ozocubu's Armour      Ice            16%        N/A       1%          3
e - Dazzling Flash        Conj/Hex       32%        N/A       1%          3
f - Sting                 Tmut/Pois      64%        1d6       1%          1
g - Poisonous Vapours     Pois/Air       32%        N/A       1%          2
h - Conjure Flame         Conj/Fire      16%        6-21      1%          3

Your spell library contained the following spells:

 Spells                   Type           Power      Damage    Failure   Level
 Magic Dart               Conj           64%        1d6       1%          1
 Sandblast                Erth           32%        2d9       1%          1
 Call Imp                 Summ           16%        N/A       1%          2
 Ignite Poison            Fire/Tmut/Pois 16%        N/A       1%          3
 Lesser Beckoning         Tloc           16%        N/A       1%          3
 Stone Arrow              Conj/Erth      32%        3d9       1%          3
 Olgreb's Toxic Radiance  Pois           16%        N/A       4%          4
 Sticky Flame             Conj/Fire      16%        2d4       4%          4
 Agony                    Necr           16%        N/A       12%         5
 Manifold Assault         Tloc           16%        N/A       12%         5
 Silence                  Hex/Air        8%         N/A       12%         5
 Ozocubu's Refrigeration  Ice            8%         4d6       98%         7
 Ignition                 Fire           8%         3d5       100%        8


Dungeon Overview and Level Annotations

Branches:
Dungeon (13/15)            Temple (0/1) D:4            Lair (0/6) D:11
    Orc (0/2) D:11        Ossuary (visited)
 Vaults: D:13-14

Altars:
Ashenzari
Cheibriados
Makhleb
Qazlal
Ru
Sif Muna
Xom
Yredelemnul
Zin
The Shining One

Portals:
Abyss: D:8

Annotations:
D:8 2 transporters, Acheron's ghost, novice MiMo
D:13 Josephine


Innate Abilities, Weirdness & Mutations

You have very sharp teeth.
Your uncanny sense of smell can sniff out nearby items.
Your experience applies equally to all skills.
You tend to lose your temper in combat.
You are clumsy. (Dex -2)
You are dopey. (Int -2)
Your magical capacity is low. (-10% MP)
You are very robust. (+20% HP)
You occasionally shout uncontrollably at your foes.
You are weak. (Str -2)
Your spells are a little easier to cast, but a little less powerful.
You sometimes lose the ability to read scrolls when taking damage.


Message History

The shadow slips into darkness.
The shadow flickers and vanishes for a moment.
Josephine draws life force from you!
You feel threatened and lose the ability to read scrolls!
* * * LOW HITPOINT WARNING * * *
Josephine is healed by the life force!
The centaur warrior shoots an arrow.
The arrow hits the shadow!!
The shadow is destroyed!
You hit Josephine but do no damage.
Josephine is severely wounded.
You feel very sick.
The centaur warrior is no longer moving slowly.
Josephine closely misses you. The wraith misses you.
Unknown command.
You slash Josephine!
Josephine resists with almost no effort.
Josephine is almost dead.
You feel very sick. Josephine draws life force from you!
* * * LOW HITPOINT WARNING * * *
Josephine is healed by the life force!
You block the wraith's attack.
You hit Josephine.
Josephine seems to speed up.
Josephine is severely wounded.
You feel sick. Josephine completely misses you. The wraith misses you.
Unknown command.
You hit Josephine.
Josephine flickers and vanishes for a moment.
Josephine is severely wounded.
You feel sick. Josephine barely misses you. Josephine misses you.
The wraith misses you.
Unknown command.
You barely miss Josephine. Your bite misses Josephine.
Josephine is severely wounded.
You feel sick.
Josephine grins evilly.
Josephine draws life force from you.
* * * LOW HITPOINT WARNING * * *
Josephine is healed by the life force!
Josephine draws life force from you!
You die...
Xom guffaws!

#########################
..........@..............
...W.......W...W....#
...###############W.# @..#
#..# # .W.# #####W.####...#
...###########...W.........#
.......W......cW########+...
...............#@@......
.......#######.#.+####+.
.......# #.#.# .......#
#.#.# .......# #.#.#
.......# #.#.# ......<#
#.#.+ .......#######.#^.
...............+######


You could see Josephine (fast, invisible), a centaur warrior and a wraith.

Vanquished Creatures
  An iron dragon (D:11)
  A boulder beetle (D:11)
  A two-headed ogre (D:9)
  4 death yaks (D:11)
  An orc knight (D:12)
  2 deep elf pyromancers (D:12)
  A shining eye (shapeshifter) (D:11)
  2 cyclopes (D:12)
  A gargoyle (D:12)
  A kobold demonologist (D:11)
  2 trolls (D:12)
  A hornet (D:8)
  A queen bee (D:10)
  A meliai zombie (D:11)
  2 wraiths
  18 yaks
  A basilisk (D:12)
  A redback (D:11)
  A steam dragon (D:8)
  An acid dragon (D:9)
  An ice beast (D:5)
  7 orc warriors
  3 ogres
  2 boggarts (D:12)
  5 centaurs
  A tengu (shapeshifter) (D:9)
  2 phantoms
  7 kobold brigands
  A bullfrog (D:6)
  A gnoll sergeant (D:6)
  2 scorpions
  8 water moccasin zombies (Ossuary)
  A water moccasin skeleton (D:5)
  19 killer bees
  10 wights (D:8)
  2 howler monkeys
  2 centaur zombies
  8 hounds
  2 jellies (D:6)
  8 orc priests
  2 bullfrog skeletons
  3 centaur skeletons
  An iguana (D:5)
  16 orc wizards
  3 killer bee zombies
  A hound skeleton (D:4)
  3 mummies
  8 adders
  10 gnolls
  A howler monkey skeleton (D:7)
  A shadow imp (D:8)
  3 white imps
  2 ufetubi (D:5)
  7 adder zombies (Ossuary)
  5 worms
  2 dart slugs
  42 orcs
  6 ball pythons
  2 bats
  7 endoplasms
  9 giant cockroaches
  3 gnoll zombies (Ossuary)
  7 goblins
  5 hobgoblins
  A jackal (D:9)
  3 quokkas
  4 frilled lizards (D:2)
  6 hobgoblin zombies (Ossuary)
  25 kobolds
  8 kobold zombies
  4 orc zombies (Ossuary)
  2 rats
338 creatures vanquished.

Vanquished Creatures (collateral kills)
  A yak (D:11)
  A warg (D:11)
  An orc warrior (D:11)
  A boggart (D:12)
  A centaur (D:11)
  An orc wizard (D:11)
  2 orcs (D:11)
  A goblin (D:11)
9 creatures vanquished.

Vanquished Creatures (others)
  A shadow (D:13)
  An adder (D:2)
  An orc (D:11)
  A goblin (D:2)
  15 plants
19 creatures vanquished.

Grand Total: 366 creatures vanquished

Notes
Turn   | Place    | Note
-------+----------+-------------------------------------------
     0 | D:1      | Ablot the Gnoll Chaos Knight began the quest for the Orb.
     0 | D:1      | Reached XP level 1. HP: 23/23 MP: 1/1
   375 | D:1      | Reached XP level 2. HP: 18/29 MP: 2/2
  1069 | D:1      | XOM: silly message
  1165 | D:2      | Reached XP level 3. HP: 35/35 MP: 3/3
  1435 | D:1      | XOM: give mutations
  1435 | D:1      | Gained mutation: You have large cloven feet. [Xom's
                  | mischief]
  1435 | D:1      | Gained mutation: You sometimes lose the ability to read
                  | scrolls when taking damage. [Xom's mischief]
  1487 | D:2      | XOM: give mutation
  1487 | D:2      | Gained mutation: You are clumsy. (Dex -2) [Xom's mischief]
  1535 | D:2      | Reached skill level 1 in Invocations
  1829 | D:2      | XOM: destruction
  1836 | D:2      | Reached skill level 1 in Long Blades
  1836 | D:2      | Reached skill level 1 in Axes
  1836 | D:2      | Reached skill level 1 in Maces & Flails
  1836 | D:2      | Reached skill level 1 in Polearms
  1836 | D:2      | Reached skill level 1 in Staves
  1836 | D:2      | Reached skill level 1 in Slings
  1836 | D:2      | Reached skill level 1 in Bows
  1836 | D:2      | Reached skill level 1 in Crossbows
  1836 | D:2      | Reached skill level 1 in Throwing
  1836 | D:2      | Reached skill level 1 in Stealth
  1836 | D:2      | Reached skill level 1 in Shields
  1836 | D:2      | Reached skill level 1 in Unarmed Combat
  1836 | D:2      | Reached skill level 1 in Spellcasting
  1836 | D:2      | Reached skill level 1 in Evocations
  1986 | D:2      | Found a faded altar of an unknown god.
  2030 | D:2      | Identified the ring "Azanuwk" {Wiz rC+ SInv} (Xom gifted it
                  | to you on level 2 of the Dungeon)
  2030 | D:2      | XOM: god gift: ring "Azanuwk" {Wiz rC+ SInv}
  2055 | D:3      | Reached XP level 4. HP: 41/41 MP: 5/5
  2157 | D:3      | Found a snail-covered altar of Cheibriados.
  2169 | D:3      | Reached skill level 1 in Conjurations
  2169 | D:3      | Reached skill level 1 in Hexes
  2169 | D:3      | Reached skill level 1 in Summonings
  2169 | D:3      | Reached skill level 1 in Necromancy
  2169 | D:3      | Reached skill level 1 in Translocations
  2169 | D:3      | Reached skill level 1 in Transmutations
  2169 | D:3      | Reached skill level 1 in Fire Magic
  2169 | D:3      | Reached skill level 1 in Ice Magic
  2169 | D:3      | Reached skill level 1 in Air Magic
  2169 | D:3      | Reached skill level 1 in Earth Magic
  2169 | D:3      | Reached skill level 1 in Poison Magic
  2187 | D:3      | Reached XP level 5. HP: 20/47 MP: 5/7
  2190 | D:3      | XOM: fake destruction
  2196 | D:3      | HP: 2/47 [howler monkey (6)]
  2466 | D:3      | Learned a level 2 spell: Blink
  3030 | D:4      | Found a staircase to the Ecumenical Temple.
  3032 | D:4      | Noticed a phantom
  3032 | D:4      | XOM: divination: detect creatures
  3052 | D:4      | Killed a phantom
  3053 | D:4      | Reached skill level 5 in Armour
  3053 | D:4      | Reached XP level 6. HP: 52/53 MP: 8/8
  3114 | D:4      | XOM: silly message
  3158 | D:4      | Noticed a yak
  3160 | D:4      | Noticed a yak
  3166 | D:4      | Noticed a yak
  3168 | D:4      | Noticed a yak
  3172 | D:4      | Noticed a yak
  3173 | D:4      | Lost mutation: You have large cloven feet. [potion of
                  | mutation]
  3173 | D:4      | Lost mutation: You sometimes lose the ability to read
                  | scrolls when taking damage. [potion of mutation]
  3173 | D:4      | Gained mutation: You are dopey. (Int -2) [potion of
                  | mutation]
  3173 | D:4      | Gained mutation: You tend to lose your temper in combat.
                  | [potion of mutation]
  3180 | D:4      | Killed a yak
  3181 | D:4      | Reached XP level 7. HP: 51/59 MP: 10/10
  3186 | D:4      | XOM: divination: detect creatures
  3189 | D:4      | XOM: potion effect (experience)
  3189 | D:4      | Reached skill level 5 in Long Blades
  3189 | D:4      | Reached skill level 5 in Axes
  3189 | D:4      | Reached skill level 5 in Maces & Flails
  3189 | D:4      | Reached skill level 5 in Polearms
  3189 | D:4      | Reached skill level 5 in Staves
  3189 | D:4      | Reached skill level 5 in Slings
  3189 | D:4      | Reached skill level 5 in Bows
  3189 | D:4      | Reached skill level 5 in Crossbows
  3189 | D:4      | Reached skill level 5 in Throwing
  3189 | D:4      | Reached skill level 5 in Dodging
  3189 | D:4      | Reached skill level 5 in Stealth
  3189 | D:4      | Reached skill level 5 in Shields
  3189 | D:4      | Reached skill level 5 in Unarmed Combat
  3189 | D:4      | Reached skill level 5 in Spellcasting
  3189 | D:4      | Reached skill level 5 in Invocations
  3189 | D:4      | Reached skill level 5 in Evocations
  3189 | D:4      | Reached XP level 8. HP: 28/69 MP: 10/15
  3198 | D:4      | Killed a yak
  3198 | D:4      | XOM: divination: detect items
  3217 | D:4      | XOM: potion effect (heal wounds)
  3230 | D:4      | Killed a yak
  3239 | D:4      | Killed a yak
  3252 | D:4      | Killed a yak
  3473 | D:4      | XOM: confuse monster(s)
  3484 | D:4      | Reached XP level 9. HP: 68/75 MP: 17/17
  3595 | D:5      | Entered Level 5 of the Dungeon
  3599 | D:4      | Identified the +3 barding "Kuodish" {*Slow rElec Str-2
                  | Dex+9}
  3651 | D:5      | Found a sand-covered staircase.
  3668 | Ossuary  | Entered an ossuary
  3755 | Ossuary  | XOM: silly message
  3818 | Ossuary  | XOM: 2-stop teleportation journey
  3830 | Ossuary  | XOM: noise
  3831 | Ossuary  | XOM: swap monsters
  3832 | Ossuary  | XOM: confuse monster(s)
  3872 | Ossuary  | XOM: confuse monster(s)
  4239 | D:5      | Learned a level 2 spell: Passwall
  4251 | D:5      | XOM: butterfly on damage
  4287 | D:5      | XOM: god gift: chain mail {god gift}
  4347 | D:5      | XOM: polymorph orc warrior -> hound
  4576 | D:5      | XOM: enchant monster (bad)
  4641 | D:6      | You fall into a shaft and drop 2 floors!
  4752 | D:8      | XOM: god gift: scimitar {god gift}
  5027 | D:7      | XOM: give mutations
  5027 | D:7      | Gained mutation: You occasionally shout uncontrollably at
                  | your foes. [Xom's mischief]
  5027 | D:7      | Gained mutation: Your body sometimes deteriorates upon
                  | taking damage. [Xom's mischief]
  5027 | D:7      | Lost mutation: Your body sometimes deteriorates upon taking
                  | damage. [Xom's mischief]
  5041 | D:6      | XOM: divination: detect items
  5178 | D:6      | Reached XP level 10. HP: 82/82 MP: 18/18
  5187 | D:6      | XOM: confuse monster(s)
  5280 | D:6      | XOM: blink monster(s)
  5323 | D:6      | XOM: enchant monster (bad)
  5492 | D:6      | Found a broken altar of Ashenzari.
  5566 | D:6      | Found a glowing golden altar of the Shining One.
  5568 | D:6      | Noticed an angel
  5573 | D:6      | Identified the ring of Gypuas {rN+ rCorr}
  5587 | D:6      | Found a basalt altar of Yredelemnul.
  5663 | D:6      | XOM: give mutations
  5663 | D:6      | Gained mutation: Armour fits poorly on your strangely
                  | shaped body. [Xom's mischief]
  5663 | D:6      | Lost mutation: You tend to lose your temper in combat.
                  | [Xom's mischief]
  5889 | D:6      | Learned a level 3 spell: Mephitic Cloud
  5893 | D:6      | Learned a level 3 spell: Ozocubu's Armour
  6186 | D:7      | Learned a level 3 spell: Dazzling Flash
  6416 | D:7      | Found a sacrificial altar of Ru.
  6741 | D:8      | Noticed a toenail golem
  6756 | D:8      | Found a transporter.
  6763 | D:8      | Found a transporter.
  6769 | D:8      | Found a one-way gate to the infinite horrors of the Abyss.
  6769 | D:8      | Noticed Acheron's ghost (novice MiMo)
  6780 | D:8      | XOM: cloud trail
  6792 | D:8      | XOM: give mutations
  6792 | D:8      | Gained mutation: You are weak. (Str -2) [Xom's mischief]
  6792 | D:8      | Gained mutation: You sometimes lose the ability to read
                  | scrolls when taking damage. [Xom's mischief]
  6792 | D:8      | Lost mutation: Armour fits poorly on your strangely shaped
                  | body. [Xom's mischief]
  6792 | D:8      | Gained mutation: You are robust. (+10% HP) [Xom's mischief]
  6822 | D:8      | XOM: enchant monster (bad)
  6824 | D:8      | XOM: summons 6 friendly demons
  6829 | D:8      | Reached skill level 5 in Conjurations
  6829 | D:8      | Reached skill level 5 in Hexes
  6829 | D:8      | Reached skill level 5 in Summonings
  6829 | D:8      | Reached skill level 5 in Necromancy
  6829 | D:8      | Reached skill level 5 in Translocations
  6829 | D:8      | Reached skill level 5 in Transmutations
  6829 | D:8      | Reached skill level 5 in Fire Magic
  6829 | D:8      | Reached skill level 5 in Ice Magic
  6829 | D:8      | Reached skill level 5 in Air Magic
  6829 | D:8      | Reached skill level 5 in Earth Magic
  6829 | D:8      | Reached skill level 5 in Poison Magic
  6896 | D:8      | XOM: cast spell 'Discord'
  6934 | D:8      | XOM: confuse monster(s)
  6964 | D:8      | XOM: cast spell 'Statue Form'
  7132 | D:8      | XOM: noise
  7349 | D:8      | Found a stormy altar of Qazlal.
  7888 | D:9      | Noticed a two-headed ogre
  7891 | D:9      | XOM: polymorph kobold -> goblin
  7898 | D:9      | Killed a two-headed ogre
  8164 | D:9      | Found a burning altar of Makhleb.
  8166 | D:9      | Noticed a green death
  8202 | D:9      | Found a glowing silver altar of Zin.
  8203 | D:9      | Noticed an angel
  8442 | D:9      | Found a shimmering blue altar of Sif Muna.
  8642 | D:10     | Entered Level 10 of the Dungeon
  8668 | D:10     | Reached XP level 11. HP: 77/97 MP: 11/20
  8668 | D:10     | XOM: potion effect (berserk rage)
  8681 | D:10     | XOM: 1-stop teleportation journey
  8706 | D:10     | XOM: 1-stop teleportation journey
  8855 | D:10     | XOM: confuse monster(s)
  8882 | D:10     | XOM: give mutation
  8882 | D:10     | Gained mutation: You are very robust. (+20% HP) [Xom's
                  | grace]
  8892 | D:10     | XOM: enchant monster (good)
  9110 | D:10     | XOM: scenery: 2 doors close
  9111 | D:10     | XOM: summons 3 friendly demons
  9139 | D:10     | XOM: summons friendly crimson imp
  9280 | D:10     | XOM: 2-stop teleportation journey
  9531 | D:11     | Found a snail-covered altar of Cheibriados.
  9564 | D:11     | XOM: summons friendly ufetubus
  9584 | D:11     | XOM: summons 5 friendly demons
  9587 | D:11     | Noticed a glowing shapeshifter
  9587 | D:11     | a yak changed into a glowing shapeshifter
  9587 | D:11     | Noticed a shining eye
  9587 | D:11     | a glowing shapeshifter changed into a shining eye
  9593 | D:11     | Gained mutation: Your spells are a little easier to cast,
                  | but a little less powerful. [a shining eye]
  9596 | D:11     | Gained mutation: You tend to lose your temper in combat. [a
                  | shining eye]
  9600 | D:11     | Gained mutation: Your magical capacity is low. (-10% MP) [a
                  | shining eye]
  9601 | D:11     | Killed a shining eye
  9664 | D:11     | Noticed a manticore
  9685 | D:11     | a manticore changed into a redback
  9685 | D:11     | XOM: polymorph manticore -> redback
  9834 | D:11     | Noticed a death yak
  9834 | D:11     | Noticed a death yak
  9835 | D:11     | Noticed a death yak
  9836 | D:11     | XOM: confusion
  9838 | D:11     | Noticed a death yak
  9839 | D:11     | Noticed a death yak
  9844 | D:11     | XOM: summons 11 friendly demons
  9862 | D:11     | XOM: 2-stop teleportation journey
  9864 | D:11     | Found a staircase to the Lair.
  9869 | D:11     | XOM: divine lightning
  9873 | D:11     | Killed a death yak
  9884 | D:11     | XOM: smoke on damage
  9886 | D:11     | Killed a death yak
  9890 | D:11     | Noticed an azure jelly
  9890 | D:11     | a death yak changed into an azure jelly
  9890 | D:11     | XOM: polymorph death yak -> azure jelly
  9905 | D:11     | Killed a death yak
  9913 | D:11     | Noticed an eleionoma
  9913 | D:11     | an azure jelly changed into an eleionoma
  9913 | D:11     | XOM: polymorph azure jelly -> eleionoma
  9914 | D:11     | Killed a death yak
  9920 | D:11     | Noticed an iron dragon
  9920 | D:11     | an eleionoma changed into an iron dragon
  9920 | D:11     | XOM: polymorph eleionoma -> iron dragon
  9927 | D:11     | XOM: summons 5 hostile demons
  9929 | D:11     | XOM: noise
  9938 | D:11     | XOM: polymorph quasit -> crimson imp
  9941 | D:11     | HP: 4/108 [iron dragon (18)]
  9945 | D:11     | XOM: summons 7 friendly demons
  9954 | D:11     | XOM: silly message
  9993 | D:12     | XOM: potion effect (haste)
 10115 | D:12     | Noticed a deep elf pyromancer
 10117 | D:12     | XOM: summons friendly iron imp
 10147 | D:12     | Killed a deep elf pyromancer
 10311 | D:11     | XOM: blink monster(s)
 10318 | D:11     | XOM: enchant monster (good)
 10328 | D:11     | Reached XP level 12. HP: 91/115 MP: 13/20
 10392 | D:11     | XOM: cast spell 'Summon Horrible Things'
 10573 | D:11     | Noticed a boulder beetle
 10576 | D:11     | XOM: scenery: create altars
 10577 | D:11     | XOM: divination: detect items
 10585 | D:11     | Killed a boulder beetle
 10640 | D:11     | Found a staircase to the Orcish Mines.
 10713 | D:11     | XOM: cloud trail
 10718 | D:11     | XOM: blink monster(s)
 10722 | D:11     | XOM: confuse monster(s)
 10732 | D:11     | XOM: potion effect (might)
 10894 | D:11     | Killed an iron dragon
 10895 | D:11     | Reached skill level 10 in Fighting
 10895 | D:11     | Reached skill level 10 in Short Blades
 11228 | D:11     | Learned a level 1 spell: Sting
 11231 | D:11     | Learned a level 2 spell: Poisonous Vapours
 11235 | D:11     | Learned a level 3 spell: Conjure Flame
 11389 | D:12     | XOM: confuse monster(s)
 11403 | D:12     | XOM: confuse monster(s)
 11587 | D:12     | XOM: chaos upgrade
 11593 | D:12     | XOM: enchant monster (bad)
 11660 | D:12     | XOM: divination: magic mapping
 11674 | D:12     | XOM: summons 3 friendly demons
 11678 | D:12     | XOM: confusion (+ monsters)
 11683 | D:12     | XOM: cast spell 'Summon Dragon'
 11904 | D:12     | XOM: enchant monster (bad)
 11915 | D:12     | XOM: cleaving
 12071 | D:12     | XOM: 7-stop teleportation journey
 12489 | D:13     | Noticed Josephine
 12508 | D:13     | XOM: noise
 12528 | D:13     | XOM: summons friendly shadow imp
 12535 | D:13     | Noticed a centaur warrior
 12537 | D:13     | XOM: confuse monster(s)
 12560 | D:13     | Killed from afar by Josephine

Illustrated notes

Levels and vault maps discovered:
D:1:      amcnicky_arrival_gap_in_the_tavern_cellar, layout_loops_corners
D:2:      layout_rooms, hellmonk_ecumenical_altar_run_dry
D:3:      layout_basic, lemuel_crystal_altar, serial_forest,
          infiniplex_forest_clump_long, infiniplex_forest_lined_3,
          infiniplex_forest_lined_room_, infiniplex_forest_end_2,
          infiniplex_forest_join, infiniplex_forest_pool,
          infiniplex_forest_clump_diagonal
D:4:      layout_rooms, minmay_temple_entry_mini_moons
D:5:      layout_loops_ring, nicolae_ossuary_entry_giza
D:6:      layout_cave_pods, mainiacjoe_overflow_alcove_1,
          grunt_temple_overflow_holy_war, kennysheep_generic_room_13
D:7:      layout_loops_ring, kennysheep_mini_moat
D:8:      layout_basic, marbit_many_paths, gammafunk_ghost_abyssal_escape,
          enter_bailey_4
D:9:      layout_loops_ring, grunt_temple_overflow_order_and_chaos_2,
          kennysheep_orc_sif_temple
D:10:     layout_cave_pools, serial_column_ruins, column_ruins_hut,
          column_ruins_open_small, column_ruins_open_tiny, column_ruins_grid_1,
          column_ruins_grid_1, column_ruins_columns_straight,
          nicolae_looking_at_the_future
D:11:     layout_loops_corners, dpeg_lair_monsters, erik_orc_3,
          nicolae_lava_and_water, kennysheep_slug_shrine
D:12:     layout_loops_ring, special_room [special_room_orc]
D:13:     layout_long_grid, minivault_11, chequers_serial_rivers_micro_a,
          bh_hangedman_babel_library, uniq_josephine

Skill      XL: |  1  2  3  4  5  6  7  8  9 10 11 12 |
---------------+-------------------------------------+-----
Invocations    | 1 2 5 6 7 8 |  8.4
Long Blades    | 1 2 5 6 7 |  7.7
Axes           | 1 2 5 6 7 |  7.7
Maces & Flails | 1 2 5 6 7 |  7.7
Polearms       | 1 2 5 6 7 |  7.7
Staves         | 1 2 5 6 7 |  7.7
Slings         | 1 2 5 6 7 |  7.7
Bows           | 1 2 5 6 7 |  7.7
Crossbows      | 1 2 5 6 7 |  7.7
Throwing       | 1 2 5 6 7 |  7.7
Stealth        | 1 2 5 6 7 |  7.7
Shields        | 1 2 5 6 7 |  7.7
Unarmed Combat | 1 2 5 6 7 |  7.7
Spellcasting   | 1 2 5 6 7 |  7.7
Evocations     | 1 2 5 6 7 |  7.7
Conjurations   | 1 4 5 6 |  6.4
Hexes          | 1 4 5 6 |  6.4
Summonings     | 1 4 5 6 |  6.4
Necromancy     | 1 4 5 6 |  6.4
Translocations | 1 4 5 6 |  6.4
Transmutations | 1 4 5 6 |  6.4
Fire Magic     | 1 4 5 6 |  6.4
Ice Magic      | 1 4 5 6 |  6.4
Air Magic      | 1 4 5 6 |  6.4
Earth Magic    | 1 4 5 6 |  6.4
Poison Magic   | 1 4 5 6 |  6.4
Dodging        | 3 5 6 7 8 |  8.2
Armour         | 5 6 7 8 9 |  9.1
Fighting       | 8 9 10 | 10.2
Short Blades   | 8 9 10 | 10.2

Action                   |  1- 3 |  4- 6 |  7- 9 | 10-12 || total
-------------------------+-------+-------+-------+-------++-------
Melee: Short sword       |   125 |   150 |   427 |  1019 ||  1721
       Bite              |    14 |    10 |    58 |   156 ||   238
       Kick              |     8 |    42 |       |       ||    50
       Punch             |     2 |     2 |    17 |     8 ||    29
       Long sword        |       |       |       |   105 ||   105
Throw: Dart              |       |       |       |    19 ||    19
 Cast: Blink             |       |       |     1 |     3 ||     4
       Mephitic Cloud    |       |       |       |    37 ||    37
       Dazzling Flash    |       |       |       |    34 ||    34
       Ozocubu's Armour  |       |       |       |    10 ||    10
       Conjure Flame     |       |       |       |     1 ||     1
Evoke: Box of beasts     |       |       |       |     1 ||     1
  Use: Scroll            |       |     4 |     5 |    16 ||    25
       Potion            |       |     3 |     1 |     6 ||    10
 Stab: Sleeping          |     3 |       |    11 |     6 ||    20
       Confused          |       |     1 |     6 |    31 ||    38
       Paralysed         |       |       |     4 |       ||     4
       Petrifying        |       |       |     2 |     4 ||     6
       Invisible         |       |       |       |    16 ||    16
       Petrified         |       |       |       |     2 ||     2
       Distracted        |       |       |       |     2 ||     2
Armor: Leather armour    |    16 |    14 |    42 |       ||    72
       Scale mail        |       |       |    21 |    49 ||    70
       Steam dragon scal |       |       |       |   201 ||   201
       Skin              |       |       |       |     2 ||     2
Dodge: Dodged            |    69 |   113 |   238 |   831 ||  1251
Block: Buckler           |       |       |       |   256 ||   256
